[Event "*** Titled Tuesday 3|2 Blitz"]
[Site "Chess.com"]
[Date "2016.10.04"]
[Round "1"]
[White "NTBT_DHS"]
[Black "FLchessplayer"]
[Result "1-0"]
[WhiteElo "2454"]
[BlackElo "2021"]
[TimeControl "180+2"]
[EndTime "17:03:29 PDT"]
[Termination "NTBT_DHS won by resignation"]

1. d4 Nf6 2. c4 c5 3. d5 d6 4.
Nc3 g6 5. g3 Bg7 6. Bg2 O-O 7.
Nf3 e5 8. e4 Na6 9. O-O Nc7 10.
Ne1 Rb8 11. a4 b6 12. Nd3 a6 13. f4 exf4 14. e5 dxe5 15. Nxe5 fxg3 16. Nc6 gxh2+ 17. Kh1 Qe8 18. Re1 Qd7 19. Nxb8 Qf5 20. Qf3 Ng4 21. Qxf5 Bxf5 22. Nc6 h5 23. Bf4 Ne8 24. Ne7+ Kh7 25.
Nxf5 gxf5 26. Bf3 Nef6 27. Re2 Rb8 28. Bxb8 1-0

[Event "*** Titled Tuesday 3|2 Blitz"]
[Site "Chess.com"]
[Date "2016.10.04"]
[Round "1"]
[White "BillieKimbah"]
[Black "Quiet_Desperation"]
[Result "1-0"]
[WhiteElo "2519"]
[BlackElo "2231"]
[TimeControl "180+2"]
[EndTime "17:04:05 PDT"]
[Termination "BillieKimbah won by resignation"]

1. d4 Nf6 2. Bf4 e6 3. e3 b6 4. Nf3 Bb7 5. h3 Be7 6. Bd3 O-O 7. O-O c5 8. c3 cxd4 9. cxd4 d6 10. Nc3 Nbd7 11.
e4 a6 12. Qe2 Re8 13. Bh2 Nf8 14. Rac1 Ng6 15. a4 Nh5 16. Qd2 h6 17. Rfe1 Bg5 18.
Nxg5 hxg5 19. Bf1 f5 20. exf5 exf5 21. Rxe8+ Qxe8 22. Qxg5 Nf6 23. Qxf5 Ne4 24. Nxe4 Bxe4 25. Bc4+ 1-0

[Event "*** Titled Tuesday 3|2 Blitz"]
[Site "Chess.com"]
[Date "2016.10.04"]
[Round "1"]
[White "Joshukid"]
[Black "daro94"]
[Result "0-1"]
[WhiteElo "2338"]
[BlackElo "2660"]
[TimeControl "180+2"]
[EndTime "17:04:16 PDT"]
[Termination "daro94 won by resignation"]

1. d4 Nf6 2. Nf3 g6 3. Bf4 Bg7 4. e3 O-O 5. h3 c5 6. c3 b6 7. Nbd2 Bb7 8. Be2 d5 9. O-O Nbd7 10. Ne5 Nxe5 11. Bxe5 e6 12. Nf3 Qe7 13. Re1 Rfc8 14.
a4 Bf8 15. a5 Nd7 16. Bh2 Bg7 17. axb6 axb6 18. Qd2 Bc6 19. Bd3 Qf8 20. b3 b5 21.
e4 Rxa1 22. Rxa1 dxe4 23. Ne5 Nxe5 24. dxe5 Rd8 0-1

[Event "*** Titled Tuesday 3|2 Blitz"]
[Site "Chess.com"]
[Date "2016.10.04"]
[Round "1"]
[White "AllStarShark"]
[Black "Rsnr"]
[Result "1-0"]
[WhiteElo "2283"]
[BlackElo "2551"]
[TimeControl "180+2"]
[EndTime "17:04:58 PDT"]
[Termination "AllStarShark won by resignation"]

1. d4 d5 2. Bf4 Nf6 3. e3 c5 4. c3 Nc6 5. Nd2 Qb6 6. Qb3 c4 7. Qc2 g6 8. e4 e6 9. b3 cxb3 10.
axb3 Bg7 11. Ngf3 dxe4 12. Nc4 Qd8 13. Nd6+ Kf8 14. Ng5 Qb6 15. Ngxf7 Rg8 16. Ng5 Nd5 17. Nc4 Qd8 18. Bd6+ Ke8 19. Nxe4 Bd7 20. Ba3 Bf8 21. Ncd6+ 1-0

[Event "*** Titled Tuesday 3|2 Blitz"]
[Site "Chess.com"]
[Date "2016.10.04"]
[Round "1"]
[White "jk13"]
[Black "3f32"]
[Result "1-0"]
[WhiteElo "2527"]
[BlackElo "2237"]
[TimeControl "180+2"]
[EndTime "17:05:03 PDT"]
[Termination "jk13 won by resignation"]

1. d4 Nf6 2. Bf4 e6 3. Nc3 d5 4. e3 a6 5. Nf3 c5 6. Ne5 Nbd7 7. Qd2 Nxe5 8. Bxe5 Bd6 9. O-O-O Bxe5 10. dxe5 Nd7 11. f4 O-O 12. e4 d4 13. Ne2 b5 14. Ng3 b4 15. h4 a5 16. h5 a4 17. h6 g6 18. Bb5 b3 19. a3 bxc2 20. Qxc2 Qb6 21. Bc4 Ba6 22. Rd2 Rfb8 23. Nf1 Qa5 24. Bxa6 Rxa6 25.
Rh3 Nf8 26. Qc4 Rab6 27. g4 Nd7 28. Rhh2 Rb3 29. Qe2 Re3 30. Nxe3 dxe3 31. Rxd7 1-0

[Event "*** Titled Tuesday 3|2 Blitz"]
[Site "Chess.com"]
[Date "2016.10.04"]
[Round "1"]
[White "Opening_Prep"]
[Black "Ar4uha"]
[Result "0-1"]
[WhiteElo "2132"]
[BlackElo "2480"]
[TimeControl "180+2"]
[EndTime "17:05:17 PDT"]
[Termination "Ar4uha won by resignation"]

1. d4 Nf6 2. c4 e6 3. g3 d5 4. Nf3 dxc4 5. Bg2 Nbd7 6. O-O Be7 7.
Qa4 a6 8. Qxc4 b5 9. Qc2 Bb7 10. Rd1 O-O 11. a4 c5 12. dxc5 Bxc5 13. Bg5 Qb6 14.
e3 h6 15. Bxf6 Nxf6 16. Nc3 Rac8 17. axb5 axb5 18. Qb3 Bxe3 19. Qxb5 Bxf2+ 20. Kf1 Ng4 21. Qxb6 Bxb6 22. Ke2 Ne3 23. Rd7 Bc6 24. Rd6 Nxg2 25. Ra6 Bxf3+ 26. Kxf3 Bc5 27. Kxg2 Bxd6 28. Rxd6 Rfd8 0-1

[Event "*** Titled Tuesday 3|2 Blitz"]
[Site "Chess.com"]
[Date "2016.10.04"]
[Round "1"]
[White "ZEN-22"]
[Black "chito89"]
[Result "0-1"]
[WhiteElo "2247"]
[BlackElo "2543"]
[TimeControl "180+2"]
[EndTime "17:06:18 PDT"]
[Termination "chito89 won by resignation"]

1. e3 d5 2. Ne2 Nf6 3. d4 Bf5 4. c4 e6 5. Nbc3 c6 6. f3 h6 7. g4 Bh7 8. h4 Bd6 9. g5 Nh5 10.
f4 Bg6 11. c5 Bc7 12. Bg2 Nd7 13. Bf3 Qe7 14. Kf2 O-O-O 15. Ng1 hxg5 16. hxg5 Rh7 17. Bxh5 Rdh8 18. Bxg6 Rxh1 19. Bd3 R8h2+ 20. Kf1 e5 21. Qg4 e4 22. Be2 Kb8 23. Nd1 Rh8 24. Nf2 R1h4 25. Qg2 f6 26. Bd2 fxg5 27. Qxg5 Qxg5 28.
fxg5 Rf8 29. Be1 Rh2 30. Bg4 Bg3 31. Bxd7 Bxf2 32. Rd1 Bxe3+ 33. Bf2 Rfxf2+ 34. Ke1 Rxb2 35. Kf1 Rh1 0-1

[Event "*** Titled Tuesday 3|2 Blitz"]
[Site "Chess.com"]
[Date "2016.10.04"]
[Round "1"]
[White "iturrizaga"]
[Black "spirals5"]
[Result "1-0"]
[WhiteElo "2572"]
[BlackElo "2269"]
[TimeControl "180+2"]
[EndTime "17:06:25 PDT"]
[Termination "iturrizaga won by resignation"]

1. Nf3 d5 2. c4 e6 3. g3 Nf6 4.
Bg2 c5 5. cxd5 exd5 6. d4 c4 7.
O-O h6 8. b3 cxb3 9. Qxb3 Be7 10. Nc3 O-O 11. Ba3 Nc6 12. e3 Bxa3 13. Qxa3 Re8 14.
Rfc1 Bf5 15. Qb3 Qd7 16. Na4 b6 17. Nb2 Rac8 18. Nd3 Bxd3 19. Qxd3 Ne4 20. Qb5 Ne5 21. Qxd7 Nxd7 22. Bh3 Rxc1+ 23. Rxc1 Ndf6 24. Rc7 a5 25. Ne5 Rf8 26. Rb7 g5 27. Rxb6 Kg7 28. Rb7 h5 29. Ra7 g4 30. Bg2 Nc3 31. Rxa5 Nfe4 32. Ra7 Rb8 33.
Rxf7+ Kg8 34. Bxe4 Nxe4 35. Kg2 Rb2 36. a4 Ra2 37. Rf5 Rxa4 38. Nd7 Ra2 39. Nf6+ Nxf6 40. Rxf6 1-0

[Event "*** Titled Tuesday 3|2 Blitz"]
[Site "Chess.com"]
[Date "2016.10.04"]
[Round "1"]
[White "dretch"]
[Black "bugsbunny444"]
[Result "1-0"]
[WhiteElo "2642"]
[BlackElo "2343"]
[TimeControl "180+2"]
[EndTime "17:06:52 PDT"]
[Termination "dretch won on time"]

1. d4 e6 2. c4 b6 3. e4 Bb7 4.
Bd3 Bb4+ 5. Kf1 Be7 6. Nf3 d6 7. Nc3 Nd7 8. h3 a6 9. Kg1 Bf6 10. Kh2 Ne7 11. Re1 Ng6 12. Be3 O-O 13. Qd2 c5 14. Rad1 Qc7 15. d5 Rae8 16. Bf1 e5 17. g3 Bc8 18. a3 Bd8 19. Bd3 Ne7 20. Nh4 f6 21. f4 Rf7 22. f5 g5 23. Nf3 h6 24. Kg2 Rh7 25. g4 Kf7 26. h4 Reh8 27. Rh1 Ng8 28. Rh3 Nf8 29. Rdh1 Ke8 30. b4 Qg7 31.
Kf2 h5 32. Rg3 hxg4 33. Rxg4 Qf7 34. Rhg1 gxh4 35. Be2 h3 36. Nh2 Nh6 37. Bxh6 Rxh6 38. Rg7 1-0

[Event "*** Titled Tuesday 3|2 Blitz"]
[Site "Chess.com"]
[Date "2016.10.04"]
[Round "1"]
[White "minnesotachessmaster"]
[Black "lionheart95"]
[Result "0-1"]
[WhiteElo "1892"]
[BlackElo "2415"]
[TimeControl "180+2"]
[EndTime "17:06:52 PDT"]
[Termination "lionheart95 won by resignation"]

1. e4 e6 2. d4 d5 3. Nc3 Nf6 4.
Bg5 Be7 5. e5 Nfd7 6. Bxe7 Qxe7 7. Qg4 O-O 8. O-O-O c5 9. f4 cxd4 10. Nb5 Nc6 11. Nf3 f5 12. Qh3 Nc5 13. Nbxd4 Ne4 14.
Ng5 Nxg5 15. fxg5 Qxg5+ 16. Kb1 Nxe5 17. Be2 Ng6 18. Qb3 Qd8 19. h4 Qb6 20. Qg3 f4 21.
Qg5 Qd8 22. Bd3 Qxg5 23. hxg5 e5 24. Bxg6 hxg6 25. Nb5 d4 26. Rh4 Bf5 27. Rdh1 Rad8 28. Kc1 a6 29. Na3 b5 30. c4 b4 31. Nb1 Kf7 32. Nd2 a5 33. Nf3 Rfe8 34. Re1 e4 35. Nd2 e3 36. Nf3 d3 0-1

[Event "*** Titled Tuesday 3|2 Blitz"]
[Site "Chess.com"]
[Date "2016.10.04"]
[Round "1"]
[White "Schwarzschidl"]
[Black "Noukii"]
[Result "0-1"]
[WhiteElo "2336"]
[BlackElo "2613"]
[TimeControl "180+2"]
[EndTime "17:07:05 PDT"]
[Termination "Noukii won by resignation"]

1. e4 Nf6 2. e5 Nd5 3. c4 Nb6 4. d4 d6 5. f4 dxe5 6. fxe5 c5 7. d5 g6 8. Nc3 Bg7 9. Bf4 O-O 10. Be2 e6 11. Nf3 exd5 12. Nxd5 Nxd5 13. cxd5 Bg4 14. Qb3 Qa5+ 15. Kf2 Nd7 16. Rhe1 Rae8 17. Qxb7 Bxf3 18. Qxd7 Rd8 19. Qe7 Rfe8 20. Qh4 Bxd5 21.
Rad1 Bxa2 22. Rxd8 Rxd8 23. Rd1 Rxd1 24. Bxd1 Be6 25. Qe7 h6 26. Be3 Bxe5 27. Bxh6 Bd4+ 28. Kf1 Bc4+ 29. Be2 Qa1+ 0-1

[Event "*** Titled Tuesday 3|2 Blitz"]
[Site "Chess.com"]
[Date "2016.10.04"]
[Round "1"]
[White "MaestroASK"]
[Black "Kawhi_Leonard2"]
[Result "1-0"]
[WhiteElo "2445"]
[BlackElo "1993"]
[TimeControl "180+2"]
[EndTime "17:07:09 PDT"]
[Termination "MaestroASK won by resignation"]

1. g3 Nf6 2. Bg2 e6 3. d3 d5 4. e4 Be7 5. f3 O-O 6. Nh3 c5 7. Nf2 Nc6 8. O-O b6 9. c3 Bb7 10. Nd2 Qd7 11. Qe2 Rfd8 12. e5 Ne8 13. f4 d4 14. c4 Nb4 15. Nde4 f5 16. exf6 gxf6 17. a3 Nc6 18. Re1 Ng7 19. Bh3 Re8 20. Ng4 Rf8 21.
Nh6+ Kh8 22. Bd2 a5 23. b3 Nd8 24. Bg2 Nf7 25. Nxf7+ Rxf7 26. Nf2 Bxg2 27. Kxg2 Rg8 28. b4 axb4 29. axb4 Bd6 30. Qe4 f5 31. Qf3 Rf6 32.
Ra6 Qc7 33. Rb1 Rg6 34. bxc5 Bxc5 35. Rba1 e5 36. Ra7 Qd6 37. fxe5 Qxe5 38. Bf4 Qe8 39. Qd5 Re6 40. Ra8 Qg6 41. Be5 Bf8 42. R1a7 f4 43. Rxf8 Rxf8 44. Bxg7+ Qxg7 45. Rxg7 f3+ 46. Kf1 Rfe8 47.
Rxh7+ Kxh7 48. Ne4 R8e7 49. Ng5+ 1-0

[Event "*** Titled Tuesday 3|2 Blitz"]
[Site "Chess.com"]
[Date "2016.10.04"]
[Round "1"]
[White "Kubas1010"]
[Black "3ptdka"]
[Result "1-0"]
[WhiteElo "2457"]
[BlackElo "2047"]
[TimeControl "180+2"]
[EndTime "17:07:23 PDT"]
[Termination "Kubas1010 won by resignation"]

1. d4 Nf6 2. c4 e6 3. g3 Bb4+ 4. Nd2 O-O 5. Bg2 c5 6. Nf3 Nc6 7. dxc5 Bxc5 8. O-O b6 9. Nb3 Be7 10.
Nfd4 Bb7 11. Bf4 Rc8 12. Nb5 e5 13. Bg5 a6 14. Nd6 Ba8 15. Nxc8 Qxc8 16. Rc1 d6 17.
e3 Rd8 18. Nd2 h6 19. Bxf6 gxf6 20. Ne4 f5 21. Nc3 Bf8 22. Nd5 Qb8 23. Qh5 Ne7 24. Nxe7+ Bxe7 25. Qxf5 Bxg2 26. Kxg2 Kg7 27. Qg4+ Kh7 28.
Qe4+ Kh8 29. f4 f6 30. Rcd1 Rg8 31. fxe5 dxe5 32. Rd7 Qe8 33. Qb7 Rg7 34. Rfd1 Qg6 35. R1d2 1-0

[Event "*** Titled Tuesday 3|2 Blitz"]
[Site "Chess.com"]
[Date "2016.10.04"]
[Round "1"]
[White "SwiftyMcBishop"]
[Black "Rumpel-VK"]
[Result "0-1"]
[WhiteElo "2075"]
[BlackElo "2463"]
[TimeControl "180+2"]
[EndTime "17:07:37 PDT"]
[Termination "Rumpel-VK won by resignation"]

1. e4 c5 2. Nf3 Nf6 3. e5 Nd5 4. c3 e6 5. d4 cxd4 6. cxd4 b6 7. Bd3 Ba6 8. O-O Bxd3 9. Qxd3 Nc6 10. Nc3 Ncb4 11.
Qe2 h6 12. a3 Nxc3 13. bxc3 Nc6 14. c4 Na5 15. Bd2 Nb3 16. Ra2 Nxd2 17. Qxd2 d5 18. exd6 Bxd6 19. Qc3 O-O 20. Re1 Rc8 21. Nd2 Bb8 22.
Re4 b5 23. c5 Qd5 24. Rc2 Rfd8 25. Qe3 Qh5 26. h3 Qd1+ 27. Nf1 Qxc2 28. Rg4 Qf5 29.
Ng3 Bxg3 30. Rxg3 Qf6 31. Rf3 Qxd4 32. Qb3 Qd1+ 33. Kh2 Qxb3 34. Rxb3 Rxc5 35. Kg3 Rcd5 36. Kf4 Rd3 37. Rxb5 R8d4+ 38. Ke5 Rd5+ 0-1

[Event "*** Titled Tuesday 3|2 Blitz"]
[Site "Chess.com"]
[Date "2016.10.04"]
[Round "1"]
[White "Mornar1951"]
[Black "gmshanmeruga"]
[Result "1-0"]
[WhiteElo "2587"]
[BlackElo "2260"]
[TimeControl "180+2"]
[EndTime "17:07:40 PDT"]
[Termination "Mornar1951 won by checkmate"]

1. d4 Nf6 2. c4 e6 3. g3 Bb4+ 4. Bd2 Qe7 5. Nf3 O-O 6. Bg2 Bxd2+ 7. Qxd2 d6 8. Nc3 Nbd7 9. O-O e5 10. e4 a5 11.
Rfe1 b6 12. Nd5 Nxd5 13. cxd5 exd4 14. Nxd4 Nc5 15. e5 Qd8 16. Nc6 Qd7 17. e6 fxe6 18. dxe6 Qe8 19. e7 Rf7 20. Nd8 Rxe7 21. Bd5+ Kh8 22.
Nf7+ Qxf7 23. Bxf7 Ne4 24. Rxe4 Rxe4 25. Bd5 Re5 26. Bxa8 Bf5 27. Re1 Rxe1+ 28. Qxe1 h6 29.
Qe8+ Kh7 30. Be4 Bxe4 31. Qxe4+ Kg8 32. Qc6 d5 33. Qxc7 Kf8 34. Qxb6 d4 35. Qxd4 Ke7 36. Qc5+ Kf6 37. Qxa5 h5 38. h4 g5 39. Qxg5+ Ke6 40. Qxh5 Kd6 41. Qf5 Ke7 42. g4 Kd6 43. g5 Ke7 44. g6 Kd6 45. g7 Kc7 46. g8=Q Kb6 47. h5 Ka7 48. h6 Kb6 49. h7 Ka7 50. h8=Q Kb6 51. Qgg6+ Kc7 52. Qhh7+ Kb8 53. Qf8# 1-0

[Event "*** Titled Tuesday 3|2 Blitz"]
[Site "Chess.com"]
[Date "2016.10.04"]
[Round "1"]
[White "Iwannabetheguy"]
[Black "elefante33"]
[Result "0-1"]
[WhiteElo "2000"]
[BlackElo "2454"]
[TimeControl "180+2"]
[EndTime "17:07:52 PDT"]
[Termination "elefante33 won by resignation"]

1. e4 c5 2. Nf3 d6 3. d4 cxd4 4.
Nxd4 Nf6 5. Nc3 Nc6 6. Bc4 e6 7.
Bb3 Na5 8. O-O Nxb3 9. axb3 Be7 10. Kh1 O-O 11. f4 a6 12. f5 e5 13. Nde2 b5 14.
Bg5 Bb7 15. Bxf6 Bxf6 16. Ng3 Rc8 17. Nh5 Bg5 18. Rf3 g6 19. Ng3 Kg7 20. fxg6 hxg6 21. h3 Rh8 22. Nd5 Rc5 23. Ne3 Bf4 24. Ne2 Bxe4 25.
Nxf4 Bxf3 26. Qxf3 exf4 27. Qxf4 Rh4 28. Qf3 a5 29. Rf1 f5 30. Kh2 Re4 31. Ng4 Qe7 32. Nf2 Re3 33. Qf4 Rxc2 34. Rd1 Qe5 35. Qxe5+ dxe5 36. Nd3 Ree2 37. Rg1 Rcd2 38. Nc1 Re3 39. Kh1 f4 40.
Na2 Rxb2 41. Nc3 0-1

[Event "*** Titled Tuesday 3|2 Blitz"]
[Site "Chess.com"]
[Date "2016.10.04"]
[Round "1"]
[White "KNVB"]
[Black "MFBerna"]
[Result "1-0"]
[WhiteElo "2496"]
[BlackElo "2162"]
[TimeControl "180+2"]
[EndTime "17:07:56 PDT"]
[Termination "KNVB won on time"]

1. d4 d5 2. c4 e6 3. Nc3 Be7 4.
cxd5 exd5 5. Bf4 c6 6. e3 Bf5 7. h3 Be6 8. Bd3 Bd6 9. Nge2 Nf6 10. Qb3 b6 11. Rc1 Qe7 12. Bg5 Nbd7 13. O-O O-O 14.
Qa4 c5 15. Nb5 c4 16. Bb1 a6 17. Nxd6 Qxd6 18. Bf4 Qe7 19. a3 b5 20. Qa5 Rfc8 21. Nc3 Qd8 22. Qb4 Qb6 23. a4 bxa4 24. Qa3 Qb3 25.
Bc2 Qxa3 26. bxa3 Nb6 27. Rb1 Rc6 28. Nxa4 Nfd7 29. Nc3 g6 30. Rb2 Bf5 31. Bxf5 gxf5 32. a4 Nf6 33. Rfb1 Nbd7 34. Rb7 1-0

[Event "*** Titled Tuesday 3|2 Blitz"]
[Site "Chess.com"]
[Date "2016.10.04"]
[Round "1"]
[White "HKBurwell"]
[Black "Shivagami"]
[Result "1-0"]
[WhiteElo "2405"]
[BlackElo "1856"]
[TimeControl "180+2"]
[EndTime "17:08:00 PDT"]
[Termination "HKBurwell won on time"]

1. d4 Nf6 2. c4 g6 3. Nc3 d5 4. cxd5 Nxd5 5. e4 Nxc3 6. bxc3 Bg7 7.
Qa4+ Bd7 8. Qb3 Qc8 9. Nf3 c5 10. Be3 O-O 11. Be2 Nc6 12. O-O Bg4 13. Rad1 Na5 14.
Qb5 Qc7 15. h3 a6 16. Qd3 Bd7 17. d5 Bb5 18. Qc2 Bxe2 19. Qxe2 b5 20. e5 Nc4 21. Bf4 Qa5 22. Qc2 Rfd8 23. Rfe1 Nb6 24. Qe4 Qxa2 25. d6 exd6 26. Rxd6 Nc4 27. Rxd8+ Rxd8 28. e6 Nb6 29. e7 Re8 30. Qc6 1-0

[Event "*** Titled Tuesday 3|2 Blitz"]
[Site "Chess.com"]
[Date "2016.10.04"]
[Round "1"]
[White "jcibarra"]
[Black "chessking2151"]
[Result "1-0"]
[WhiteElo "2694"]
[BlackElo "2352"]
[TimeControl "180+2"]
[EndTime "17:08:01 PDT"]
[Termination "jcibarra won by resignation"]

1. e4 e5 2. Nf3 Nc6 3. Bb5 f5 4. Nc3 fxe4 5. Nxe4 Nf6 6. Bxc6 dxc6 7. Qe2 Qd5 8. Nc3 Qd6 9. d4 e4 10. Nxe4 Nxe4 11.
Qxe4+ Be7 12. Bg5 Be6 13. Bxe7 Qxe7 14. O-O-O O-O-O 15. Rhe1 Rde8 16. Qe3 Qd6 17. d5 Bxd5 18. Qxe8+ Rxe8 19. Rxe8+ Kd7 20. Re3 b5 21. g3 Kc8 22.
Ne5 a5 23. f4 b4 24. c4 Qc5 25. Re2 Bxc4 26. Nd7 Qa7 27. Re8+ Kb7 28. b3 Bd5 29.
Rd2 a4 30. bxa4 Qg1+ 31. Kb2 Qf1 32. Nc5+ Ka7 33. a5 Qc4 34. Nb3 Ka6 35. Rc2 Qd3 36.
Nc5+ 1-0

[Event "*** Titled Tuesday 3|2 Blitz"]
[Site "Chess.com"]
[Date "2016.10.04"]
[Round "1"]
[White "FearNoEvil12"]
[Black "Kouzari"]
[Result "0-1"]
[WhiteElo "2036"]
[BlackElo "2456"]
[TimeControl "180+2"]
[EndTime "17:08:05 PDT"]
[Termination "Kouzari won by resignation"]

1. e4 c5 2. Nc3 e6 3. f4 a6 4. a4 b6 5. Nf3 Bb7 6. d3 Be7 7. Qe2 d5 8. g3 Nf6 9. e5 Nfd7 10. Bg2 d4 11. Ne4 Qc7 12. O-O Nc6 13. Bd2 O-O 14. g4 h6 15. h4 f5 16. gxf5 Rxf5 17.
Ng3 Rff8 18. Kf2 Ndxe5 19. fxe5 Bxh4 20. Rh1 Nxe5 21. Rxh4 Bxf3 22. Bxf3 Rxf3+ 23. Kg2 Raf8 24. Re1 Qc6 25. Ne4 c4 26. Rh3 cxd3 27. cxd3 Rxh3 28. Kxh3 Rf3+ 29. Kg2 Rxd3 30. Bf4 Ng6 31. Bg3 Re3 32. Qg4 Rxe1 33. Bxe1 Ne5 34. Qh4 Nd3 35. Bg3 Nc5 36. Kf3 g5 37. Qg4 Kf7 38. Bf2 e5 39. Qf5+ Kg8 40. Bg3 Nxe4 41. Qxe4 g4+ 0-1

[Event "*** Titled Tuesday 3|2 Blitz"]
[Site "Chess.com"]
[Date "2016.10.04"]
[Round "1"]
[White "MattyDPerrine"]
[Black "Newlight1"]
[Result "0-1"]
[WhiteElo "2224"]
[BlackElo "2513"]
[TimeControl "180+2"]
[EndTime "17:08:10 PDT"]
[Termination "Newlight1 won by resignation"]

1. d4 Nf6 2. Nf3 c5 3. g3 cxd4 4. Nxd4 e5 5. Nb3 d5 6. Bg2 Nc6 7. Nc3 Be6 8. Bg5 d4 9. Ne4 Be7 10. Bxf6 gxf6 11. c3 Qb6 12. O-O f5 13. Ned2 O-O 14.
cxd4 Nxd4 15. Nxd4 Qxd4 16. Nf3 Qxd1 17. Rfxd1 Bf6 18. Rd6 Rfd8 19. Rad1 Rxd6 20. Rxd6 e4 21.
Nh4 Rc8 22. Bh3 Rc1+ 23. Kg2 Bxh4 24. gxh4 Rc2 25. h5 Rxe2 26. h6 Kf8 27. Rd8+ Ke7 28. Rh8 e3 29. Kf3 Rxf2+ 30. Kxe3 Rxb2 31. Kf4 Rxh2 32.
Kg3 Rxa2 33. Rxh7 f4+ 34. Kxf4 Bxh3 35. Rxf7+ Kxf7 0-1

[Event "*** Titled Tuesday 3|2 Blitz"]
[Site "Chess.com"]
[Date "2016.10.04"]
[Round "1"]
[White "GGuseinov"]
[Black "AdrianaNikolova"]
[Result "1-0"]
[WhiteElo "2548"]
[BlackElo "2251"]
[TimeControl "180+2"]
[EndTime "17:08:16 PDT"]
[Termination "GGuseinov won by checkmate"]

1. e4 c5 2. Nf3 Nc6 3. Nc3 d6 4.
d4 cxd4 5. Nxd4 Nf6 6. Bg5 e6 7. Qd2 a6 8. O-O-O Bd7 9. f4 h6 10. Bh4 Rc8 11. Nf3 Be7 12. Kb1 b5 13. Bd3 g5 14. fxg5 Ng4 15. Bg3 hxg5 16. Rhf1 Nge5 17. Nxe5 Nxe5 18. Bxe5 dxe5 19. Qf2 Rh7 20. Be2 f6 21. Bg4 b4 22. Bxe6 bxc3 23. Bxd7+ Kf8 24. Bxc8 Qxc8 25. Qb6 Rf7 26. Rf3 cxb2 27. Rfd3 Qg4 28. Qc6 Kg7 29.
g3 Qe2 30. h4 g4 31. h5 Qh2 32. Qe6 Qxh5 33. Rd7 Kf8 34. Ra7 Qg6 35. a3 Qxe4 36.
Rxe7 Rxe7 37. Rd8+ Kg7 38. Qxe7+ Kg6 39. Rg8+ Kf5 40.
Qd7# 1-0

[Event "*** Titled Tuesday 3|2 Blitz"]
[Site "Chess.com"]
[Date "2016.10.04"]
[Round "1"]
[White "michaelk123"]
[Black "agser"]
[Result "1-0"]
[WhiteElo "2234"]
[BlackElo "2510"]
[TimeControl "180+2"]
[EndTime "17:08:17 PDT"]
[Termination "michaelk123 won by checkmate"]

1. e4 c5 2. Nf3 e6 3. b3 b6 4. Bd3 Bb7 5. O-O Nc6 6. Re1 Qc7 7.
Bb2 Nf6 8. e5 Nd5 9. Be4 O-O-O 10.
Na3 a6 11. d4 cxd4 12. Nc4 b5 13. Bxd5 exd5 14. Nd6+ Bxd6 15. exd6 Qxd6 16. Nxd4 Nxd4 17. Qxd4 Rde8 18. a4 bxa4 19. Qxa4 Re4 20. Bd4 Rhe8 21. Red1 Qc6 22. Qa5 Qb5 23. Qc3+ Kb8 24. h3 f6 25. Ra5 Qe2 26. Rda1 Rc8 27. Qb4 Rxc2 28. Qd6+ Kc8 29. Bb6 Rc6 30. Rc5 Re7 31. Rxc6+ dxc6 32. Qd8# 1-0

[Event "*** Titled Tuesday 3|2 Blitz"]
[Site "Chess.com"]
[Date "2016.10.04"]
[Round "1"]
[White "Izoria123"]
[Black "ka1ser64"]
[Result "1-0"]
[WhiteElo "2565"]
[BlackElo "2267"]
[TimeControl "180+2"]
[EndTime "17:08:18 PDT"]
[Termination "Izoria123 won by resignation"]

1. e4 e6 2. d4 d5 3. Nc3 Nc6 4.
Nf3 Nf6 5. e5 Ne4 6. Ne2 f6 7.
Ng3 fxe5 8. Bb5 Be7 9. Nxe4 dxe4 10.
Nxe5 O-O 11. Bxc6 bxc6 12. Nxc6 Qd6 13. Nxe7+ Qxe7 14. O-O e5 15. d5 Ba6 16. Re1 Qb4 17.
b3 Qd4 18. Be3 Qc3 19. Qd2 Qxd2 20. Bxd2 Rad8 21. c4 c6 22. d6 c5 23. Be3 Rc8 24. Rad1 Rfd8 25. Bg5 Rd7 26. Rxe4 Re8 27. Bf4 Re6 28.
Bxe5 Bb7 29. Re3 Kf7 30. f4 Kg6 31. g4 Kf7 32. Kf2 g6 33. Rh3 Kg8 34. Re3 a6 35. f5 gxf5 36. gxf5 Rh6 37. Rg1+ Kf8 38. Bg7+ Rxg7 39.
Rxg7 Kxg7 40. Re7+ Kf8 41. Rxb7 Rxd6 42. Rxh7 Rd2+ 43.
Ke3 Rxa2 44. Ke4 Rb2 45. Ra7 Rxb3 46. Rxa6 Rh3 47. Rc6 Rxh2 48. Rxc5 Kf7 49. Rc7+ Kf6 50. Rc6+ Kf7 51. f6 Re2+ 52. Kd5 Rf2 53. Rd6 Rf5+ 54. Kc6 1-0

[Event "*** Titled Tuesday 3|2 Blitz"]
[Site "Chess.com"]
[Date "2016.10.04"]
[Round "1"]
[White "hardingstoptry"]
[Black "Po6Don"]
[Result "1-0"]
[WhiteElo "2466"]
[BlackElo "2070"]
[TimeControl "180+2"]
[EndTime "17:08:27 PDT"]
[Termination "hardingstoptry won on time"]

1. Nf3 d5 2. g3 Nc6 3. Bg2 e5 4. d3 f5 5. O-O Nf6 6. c3 Bd6 7. Bg5 Be6 8. e4 h6 9. Bxf6 Qxf6 10.
Nbd2 dxe4 11. dxe4 f4 12. b4 O-O-O 13. a4 g5 14. Qc2 Ne7 15. b5 g4 16. Nh4 f3 17.
Bh1 h5 18. c4 Bc5 19. Nb3 Bd4 20. Rad1 Ng6 21. Nxg6 Qxg6 22. h4 gxh3 23. Kh2 h4 24. Rg1 Qf6 25. Rd3 Bg4 26. a5 Rhg8 27. Nxd4 Rxd4 28. c5 Rxe4 29. Rd2 Re2 30. b6 Kb8 31. c6 Qxc6 32. bxa7+ Kxa7 33. Rxe2 Qxc2 34. Rxc2 c6 35. gxh4 e4 36. Rc4 e3 37. Rgxg4 e2 38. Rge4 1-0

[Event "*** Titled Tuesday 3|2 Blitz"]
[Site "Chess.com"]
[Date "2016.10.04"]
[Round "1"]
[White "ShimanovAlex"]
[Black "pedromartinez91"]
[Result "0-1"]
[WhiteElo "2590"]
[BlackElo "2349"]
[TimeControl "180+2"]
[EndTime "17:08:29 PDT"]
[Termination "pedromartinez91 won by checkmate"]

1. e4 c5 2. Nf3 Nc6 3. Bb5 g6 4. c3 Bg7 5. O-O Nf6 6. Re1 O-O 7. d3 Qc7 8. h3 d6 9. Ba4 Bd7 10. Be3 Rab8 11. Bc2 Rfc8 12. Nbd2 b5 13. Rc1 Qa5 14. a3 Qd8 15. d4 cxd4 16. cxd4 Na5 17. d5 Rc7 18.
Bd4 Nc4 19. Nxc4 Rxc4 20. Bxa7 Rbc8 21. Bd4 Qc7 22. Bc3 Nh5 23. e5 Nf4 24. Bb3 Rc5 25. Ra1 Bxh3 26. exd6 Qxd6 27. Bxg7 Nxg2 28. Be5 Qd7 29. Qd4 Qf5 30. Nh4 Nxh4 31. Qxh4 Bg4 32. Bg3 Bf3 33. Bd1 Rc1 34. Bxf3 Rxa1 35. Rc1 Rcxc1+ 36. Kg2 Rg1+ 37. Kh2 Qxf3 38. Qa4 Rh1# 0-1

[Event "*** Titled Tuesday 3|2 Blitz"]
[Site "Chess.com"]
[Date "2016.10.04"]
[Round "1"]
[White "GianmarcoVaR"]
[Black "wonderfultime"]
[Result "0-1"]
[WhiteElo "2376"]
[BlackElo "2700"]
[TimeControl "180+2"]
[EndTime "17:08:33 PDT"]
[Termination "wonderfultime won by checkmate"]

1. d4 d5 2. Nf3 Nf6 3. c4 c6 4. e3 Bf5 5. Nc3 e6 6. Nh4 Be4 7. f3 Bg6 8. Qb3 Qc7 9. Bd2 Be7 10. g3 O-O 11. Nxg6 hxg6 12. Be2 dxc4 13. Bxc4 a6 14. Rc1 c5 15. dxc5 Nbd7 16. Na4 Nxc5 17. Nxc5 Bxc5 18. Be2 Rac8 19. Rc2 Rfd8 20. Qc4 b5 21. Qb3 Qa7 22. Kf2 Rd5 23. Rhc1 Rcd8 24. Ba5 R8d7 25. Qc3 Rf5 26. Kg2 Bxe3 27. Rd1 Bd4 28. Qc8+ Kh7 29. Rc6 Re5 30. Rxa6 Rxe2+ 31. Kh3 Rd5 32. g4 Qe7 33. Bc3 Nxg4 34. fxg4 Rxh2+ 35. Kxh2 Qh4+ 36. Kg2 Qxg4+ 37. Kh2 Rh5# 0-1

[Event "*** Titled Tuesday 3|2 Blitz"]
[Site "Chess.com"]
[Date "2016.10.04"]
[Round "1"]
[White "talaicito"]
[Black "awb2000"]
[Result "0-1"]
[WhiteElo "1986"]
[BlackElo "2439"]
[TimeControl "180+2"]
[EndTime "17:08:33 PDT"]
[Termination "awb2000 won by resignation"]

1. e4 d6 2. d4 Nf6 3. Nc3 g6 4. g3 Bg7 5. Bg2 O-O 6. Nge2 Nbd7 7. h3 c5 8. Be3 Rb8 9. O-O cxd4 10. Nxd4 Ne5 11. Qe2 a6 12. f4 Nc6 13. Nf3 Qa5 14. a3 Be6 15. Rad1 b5 16. Ng5 Bc4 17. Qf3 Bxf1 18.
Qxf1 b4 19. axb4 Nxb4 20. Qf2 Qc7 21. Rd2 Nc6 22. Nd5 Nxd5 23. exd5 Na5 24. b3 h6 25. Nf3 Nb7 26. Nd4 Nd8 27. f5 a5 28. Be4 g5 29. f6 Bxf6 30. Qf5 Re8 31. Qh7+ Kf8 32. Qxh6+ Bg7 33. Qxg5 e6 34. dxe6 Nxe6 35. Nxe6+ Rxe6 36. Bd5 Rg6 37. Qh4 Re8 38. Bf4 Qc5+ 39. Kh2 Bf6 40. Qh5 Re1 41. Rg2 Re5 42. Bxe5 Bxe5 43.
Bxf7 Bxg3+ 44. Kh1 Qxh5 45. Bxg6 Qxg6 0-1